 Dungeon Crawl Stone Soup version 0.26-a0-542-gbaa144ba5c (webtiles) character file.

Game seed: 16583937338040084733

100 Descartes the Sneak (level 4, -6/19 HPs)
             Began as a Felid Wanderer on Aug 17, 2020.
             Mangled by an orc
             ... wielding a +2 flail of protection
              (9 damage)
             ... on level 2 of the Dungeon.
             The game lasted 00:05:15 (3937 turns).

Descartes the Sneak (Felid Wanderer)                Turns: 3937, Time: 00:05:16

Health: -6/19      AC:  1    Str: 16    XL:     4   Next: 46%
Magic:  6/6        EV: 23    Int: 12    God:
Gold:   91         SH:  0    Dex: 16    Spells: 5/5 levels left
                                        Lives:  0   Deaths: 1

rFire    . . .     SeeInvis +     - Unarmed
rCold    . . .     Faith    .   (shield unavailable)
rNeg     . . .     Spirit   .   (armour unavailable)
rPois    .         Reflect  .   (helmet unavailable)
rElec    .         Harm     .   (cloak unavailable)
rCorr    .                      (gloves unavailable)
MR       .....                  (boots unavailable)
Stlth    +++.......             (no amulet)
HPRegen  0.06/turn              j - +6 ring of strength
MPRegen  0.10/turn              m - +4 ring of evasion

@: quick
A: very small, no armour, no weapons or thrown items, stealth, claws 1, fangs 3,
see invisible, speed 1, shaggy fur 1, sharp paws
a: no special abilities


You were on level 2 of the Dungeon.
You visited 1 branch of the dungeon, and saw 3 of its levels.

You collected 91 gold pieces.

Inventory:

Missiles
 f - 129 stones
 r - 10 arrows
Jewellery
 j - a +6 ring of strength (left paw)
 m - a +4 ring of evasion (right paw)
Scrolls
 a - a scroll of enchant weapon {unknown}
 b - a scroll of blinking
 d - 2 scrolls of teleportation
 e - a scroll of fear {unknown}
 g - 2 scrolls of remove curse
 h - 2 scrolls of fog {unknown}
 n - a scroll of amnesia {unknown}
 o - a scroll of immolation {unknown}
Potions
 c - a potion of lignification
 k - a potion of resistance {unknown}
 l - a potion of invisibility
 p - 2 potions of stabbing
 q - a potion of curing


   Skills:
 + Level 2.2 Fighting
 + Level 4.2 Dodging
 + Level 4.5 Stealth
 + Level 3.2 Unarmed Combat
 - Level 1.0 Spellcasting
   Level 2.1 Transmutations
   Level 1.1 Evocations


You had 5 spell levels left.
You didn't know any spells.
Your spell library was empty.

Dungeon Overview and Level Annotations

Branches:
Dungeon (3/15)

Altars:
Okawaru
Qazlal
Sif Muna


Innate Abilities, Weirdness & Mutations

You cannot wear armour.
You are incapable of wielding weapons or throwing items.
Your paws allow you to move quietly. (Stealth)
You have sharp claws.
You have razor-sharp teeth.
You have supernaturally acute eyesight. (SInv)
You cover ground quickly.
You are covered in fur. (AC +1)
Your sharp claws are effective at attacking unaware monsters.


Message History

The orc closely misses you.
You scratch the orc but do no damage.
The orc is moderately wounded.
You barely miss the orc.
The orc is moderately wounded.
The orc hits you with a +2 flail of protection.
You scratch the orc. You bite the orc, but do no damage.
The orc is severely wounded.
The orc completely misses you.
You scratch the orc but do no damage. You bite the orc, but do no damage.
The orc is severely wounded.
The orc hits you with a +2 flail of protection.
You scratch the orc but do no damage.
The orc is severely wounded.
The orc hits you with a +2 flail of protection!
* * * LOW HITPOINT WARNING * * *
You barely miss the orc.
The orc is severely wounded.
The orc hits you with a +2 flail of protection!
You die...

#........##[#.##.#≈≈...≈≈#...
###........##)#.##.#≈≈≈≈≈≈≈#'#'
#..........##.#.#[.##≈≈≈≈≈##.#.
###...........#.......########.#.
..............#........# #.#.
..........###.#........#######.#.
......##### #................#.#.
......# ##)o......######.#.#.
......# #.>@..........#.#.#.
####### #############.#.#.#.
#.#.#.#. #.#.#.#. #.#...#.
#.#####. #(...... ########


You could see an orc.

Vanquished Creatures
  Robin (D:2)
  8 adders
  An ufetubus (D:3)
  A worm (D:2)
  3 dart slugs
  4 orcs
  3 giant cockroaches
  13 goblins
  3 hobgoblins
  6 jackals
  7 kobolds
  2 quokkas (D:2)
  A ball python (D:1)
  7 bats
  2 frilled lizards
  10 rats
72 creatures vanquished.

Notes
Turn   | Place    | Note
-------+----------+-------------------------------------------
     0 | D:1      | Descartes the Felid Wanderer began the quest for the Orb.
     0 | D:1      | Descartes set off with the following items: a potion of
                  | berserk rage, a scroll of blinking, a potion of
                  | lignification, a scroll of teleportation
     0 | D:1      | Reached XP level 1. HP: 7/7 MP: 3/3
   201 | D:1      | Reached XP level 2. HP: 12/12 MP: 4/4
  1075 | D:2      | Found a shimmering blue altar of Sif Muna.
  1116 | D:2      | Reached skill level 1 in Fighting
  1120 | D:2      | Reached XP level 3. HP: 12/15 MP: 5/5
  1517 | D:2      | Noticed Robin
  2046 | D:2      | Reached XP level 4. HP: 9/19 MP: 6/6
  2685 | D:2      | Killed Robin
  3058 | D:2      | Found a shimmering blue altar of Sif Muna.
  3481 | D:3      | Reached XP level 5. HP: 22/22 MP: 7/7
  3487 | D:3      | Found an iron altar of Okawaru.
  3487 | D:3      | Noticed an ice beast
  3494 | D:3      | Slain by an ice beast
  3495 | D:3      | Reached XP level 4. HP: -1/19 MP: 6/6
  3584 | D:3      | Noticed a fire elemental
  3586 | D:3      | Found a stormy altar of Qazlal.
  3589 | D:3      | Noticed an air elemental
  3589 | D:3      | Noticed a water elemental
  3589 | D:3      | Noticed an earth elemental
  3937 | D:2      | Mangled by an orc

Illustrated notes

Levels and vault maps discovered:
D:1:      dpeg_arrival_tiny_b, layout_basic
D:2:      layout_basic, led_sif_pool, grunt_ministairs_1,
          hangedman_decor_points, small_statue_intersection,
          kennysheep_flooded_box, uniq_robin
D:3:      layout_loops_ring, okawaru_metal_pillars_1_2,
          yredelemnul_altar_generic, minmay_misc_feat_rows, grunt_ministairs_11,
          nicolae_qazlal_style_of_elements

Skill      XL: |  1  2  3  4 |
---------------+-------------+-----
Dodging        | 3 4 |  4.2
Stealth        | 3 4 |  4.5
Fighting       | 1 2 |  2.2
Unarmed Combat | 3 |  3.2
Spellcasting   | |  1.0
Transmutations | |  2.1
Evocations     | |  1.1

Action                   |  1- 3 |  4- 6 || total
-------------------------+-------+-------++-------
Melee: Unarmed           |    92 |   106 ||   198
       Bite              |     7 |    17 ||    24
       Punch             |       |     2 ||     2
  Use: Potion            |     3 |     2 ||     5
       Scroll            |       |     4 ||     4
 Stab: Sleeping          |     4 |     8 ||    12
       Distracted        |     1 |       ||     1
Armor: Skin              |    12 |     5 ||    17
Dodge: Dodged            |    67 |   113 ||   180

Table legend: (Time is in decaauts)
 A = Elapsed time spent in this place.
 B = Non-inter-level travel time spent in this place.
 C = Inter-level travel time spent in this place.
 D = Time resting spent in this place.
 E = Time spent auto-exploring this place.
 F = Levels seen in this place.
 G = Mean time per level.
                   A        B        C        D        E       F      G
               +--------+--------+--------+--------+--------+-----+--------+
         Total |   3543 |   3449 |     94 |    409 |   2458 |   3 | 1181.0 |
       Dungeon |   3543 |   3449 |     94 |    409 |   2458 |   3 | 1181.0 |
               +--------+--------+--------+--------+--------+-----+--------+

Top non-repeatable levels by time:
     D:2: 2295 daAuts
     D:1: 1067 daAuts
     D:3: 181 daAuts
